Map: Ruines d’Endion

Players

zidar - Winner!

  • Race: Zerg Zerg
  • League: Gold
  • Spawn Location: 7:00

FunnyWolf

  • Race: Terran Terran
  • League: Gold
  • Spawn Location: 5:00

VOD

Have the link to the VOD?

Description

Time

  • Played on: June 19, 2016, 9:56 a.m.
  • Length: 12:26
Show
View Real Time Build Order
Export as new Build Order

zidar Zerg - Winner!

Build Orders: Hatch First 

Get SALT Encoding   

  12  0:01  Drone  
  13  0:12  Overlord  
  13  0:17  Drone  
  14  0:30  Drone x2  
  16  0:49  Hatchery  
  15  0:52  Drone  
  15  0:56  Extractor  
  15  0:57  Drone  
  16  1:18  Spawning Pool  
  15  1:22  Drone x2  
  18  1:25  Drone  
  18  1:44  Overlord  
  18  1:45  Drone  
  19  2:04  Queen  
  19  2:05  Queen  
  19  2:07  Zergling x2  
  19  2:08  Zergling x2  
  25  2:10  Zergling x2  
  26  2:32  Drone x4  
  29  2:48  Metabolic Boost  
  29  2:56  Drone x5  
  34  3:01  Extractor  
  33  3:06  Overlord  
  33  3:12  Drone  
  34  3:20  Drone  
  34  3:21  Drone  
  34  3:26  Drone  
  34  3:27  Baneling Nest  
  36  3:30  Drone  
  37  3:34  Drone x3  
  37  3:35  Drone x2  
  42  3:53  Lair  
  42  3:55  Overlord x2  
  42  3:56  Overlord x2  
  42  4:04  Extractor  
  42  4:07  Extractor  
  40  4:15  Evolution Chamber  
  39  4:18  Evolution Chamber  
  38  4:28  Drone x2  
  38  4:29  Drone x7  
  46  4:51  Zergling x16  
  54  4:53  Baneling x5  
  54  4:54  Centrifical Hooks  
  54  5:01  Drone  
  55  5:08  Drone  
  55  5:09  Drone x2  
  55  5:13  Overseer  
  58  5:15  Baneling x3  
  58  5:16  Baneling  
  58  5:18  Zergling x4  
  58  5:21  Zerg Melee Weapons Level 1  
  60  5:22  Zerg Ground Armor Level 1  
  60  5:44  Pneumatized Carapace  
  60  6:17  Hatchery  
  59  6:23  Spire  
  59  6:25  Drone x2  
  60  6:29  Drone x7  
  67  6:49  Overlord x2  
  67  6:50  Overlord x2  
  67  7:13  Hatchery  
  66  7:17  Zergling x2  
  66  7:18  Zergling x18  
  66  7:20  Zerg Ground Armor Level 2, Zerg Melee Weapons Level 2  
  76  7:28  Queen  
  78  7:49  Zerg Flyer Weapons Level 1  
  78  7:51  Corruptor x2  
  78  7:52  Corruptor x2  
  78  7:53  Corruptor x5  
  96  8:01  Drone  
  93  8:30  Baneling Nest  
  92  8:39  Zergling x20  
  92  8:40  Zergling x2  
  103  8:49  Hatchery  
  102  9:16  Drone  
  103  9:18  Overlord x3  
  103  9:19  Overlord x2  
  103  9:40  Zergling x2  
  103  9:41  Zergling x4, Drone x4  
  103  9:42  Drone x7  
  117  9:52  Extractor, Drone  
  117  9:53  Extractor  
  117  9:57  Zerg Flyer Weapons Level 2  
  116  10:05  Infestation Pit  
  115  10:10  Drone x2  
  117  10:44  Drone x5  
  122  10:52  Hive  
  122  11:24  Overlord x7  
  122  11:25  Overlord x3  
  122  11:30  Zergling x44  
  144  11:33  Baneling x8  
  144  11:34  Baneling x9  
Show
View Real Time Build Order
Export as new Build Order

FunnyWolf Terran 

Build Orders: Reaper Expand 

Get SALT Encoding   

  12  0:01  SCV  
  13  0:14  SCV  
  13  0:18  Supply Depot  
  14  0:27  SCV  
  15  0:38  Refinery  
  15  0:42  Barracks  
  15  0:47  SCV  
  16  1:22  SCV  
  18  1:32  Barracks  
  18  1:39  Reaper  
  18  1:43  Orbital Command  
  18  1:59  Command Center  
  18  2:16  Factory  
  18  2:22  SCV  
  19  2:23  Marine x2  
  21  2:34  SCV  
  22  2:55  Marine  
  22  2:57  Barracks Tech Lab  
  23  3:02  Supply Depot  
  23  3:03  Factory Tech Lab  
  23  3:12  Refinery  
  23  3:16  Orbital Command  
  23  3:17  SCV  
  24  3:23  Barracks Reactor  
  24  3:25  Marauder  
  26  3:27  Supply Depot  
  26  3:29  SCV  
  27  3:46  Starport  
  27  3:56  SCV x2  
  27  4:00  Marine, Marauder  
  32  4:19  Marine x2  
  32  4:21  Marauder  
  36  4:24  Siege Tank  
  39  4:32  SCV x2  
  41  4:44  SCV  
  42  4:56  Starport Reactor  
  42  5:00  SCV x2  
  42  5:04  Refinery  
  44  5:09  Marine  
  44  5:10  Marauder  
  44  5:12  SCV x2  
  49  5:17  Barracks  
  49  5:19  Barracks  
  49  5:21  Supply Depot  
  49  5:27  SCV x2  
  51  5:32  Medivac  
  53  5:38  Supply Depot  
  53  5:43  Medivac  
  53  5:47  Combat Shield  
  53  5:49  Supply Depot  
  55  5:59  Marine  
  55  6:00  Marauder  
  55  6:04  Barracks Reactor  
  58  6:05  Barracks Reactor  
  58  6:10  Engineering Bay  
  58  6:46  Marine x2  
  58  6:47  Marine x3, Marauder  
  62  6:50  Terran Infantry Weapons Level 1  
  65  6:57  Medivac  
  69  7:08  Marauder  
  69  7:15  Medivac  
  73  7:30  Marauder  
  73  7:47  Marine x3  
  78  7:51  Marauder  
  78  8:15  Marauder  
  71  8:26  Marine x3  
  71  8:27  Marine x2  
  76  8:37  Marauder  
  78  8:58  Supply Depot x2  
  78  9:00  Supply Depot  
  78  9:11  Command Center  
  78  9:15  Refinery  
  78  9:19  Marine x2  
  78  9:20  Marine x3, Marauder, SCV x2, Siege Tank, Medivac x2  
  78  9:21  Marine  
  95  9:37  Marine  
  96  9:41  Marauder  
  98  9:58  Stimpack  
  98  10:02  SCV  
  98  10:03  Marauder, SCV  
  102  10:10  Terran Infantry Armor Level 1  
  102  10:11  Supply Depot  
  102  10:12  Supply Depot  
  102  10:17  Supply Depot  
  102  10:22  Marine x6  
  102  10:24  Marauder  
  102  10:26  Supply Depot, Orbital Command  
  110  10:40  Marine x3  
  110  10:41  Medivac x2  
  117  10:46  Marauder  
  119  11:07  Marauder  
  121  11:28  Marauder  
  123  11:50  Marauder  
Tags
 
Add a new tag
Caveats
  • Supply blocks, unpowered buildings, or Contaminate may cause inaccurate times.
  • Supply counts are checked every 10 seconds.